 Dungeon Crawl Stone Soup version 0.19-a0-1907-gcff654f (webtiles) character file.

122346 Ijustatesigmund the Basher (level 16, -4/104 HPs)
             Began as a Gargoyle Wizard on Oct 19, 2016.
             Was the Champion of Makhleb.
             Slain by Donald
             ... wielding a +2 demon trident of flaming
              (31 damage)
             ... on level 2 of the Spider Nest on Oct 21, 2016.
             The game lasted 03:03:15 (36187 turns).

Ijustatesigmund the Basher (Gargoyle Wizard)       Turns: 36187, Time: 03:03:16

Health: -4/104     AC: 38    Str: 11    XL:     16   Next: 87%
Magic:  8/25       EV: 14    Int: 20    God:    Makhleb [******]
Gold:   1452       SH: 12    Dex: 12    Spells: 11 memorised, 3 levels left

rFire  + + +     SeeInvis +     g - +6 morningstar (flame)
rCold  . . .     Gourm    .     e - +4 fire dragon scales
rNeg   + + +     Faith    .     Z - +1 buckler
rPois  ∞         Spirit   .     f - +2 helmet {SInv}
rElec  +         Reflect  +     Q - +0 cloak of Darkness {+Fly rC+ rN++ Str-2}
rCorr  .         Harm     .     u - +1 pair of gloves
MR     +....                    D - +1 pair of boots
Stlth  ++........               N - +6 amulet of reflection
                                R - +4 ring of evasion
                                S - ring of protection from fire

@: very slightly contaminated, repel missiles
A: big wings, negative energy resistance 1, electricity resistance, unbreathing,
petrification resistance, rot immunity, AC +11
a: Fly, Minor Destruction, Lesser Servant of Makhleb, Major Destruction, Greater
Servant of Makhleb, Renounce Religion, Evoke Flight


You were on level 2 of the Spider Nest.
You worshipped Makhleb.
Makhleb was exalted by your worship.
You were hungry.

You visited 5 branches of the dungeon, and saw 27 of its levels.
You also visited: Sewer and Volcano.

You collected 2837 gold pieces.
You spent 1385 gold pieces at shops.

Inventory:

Hand Weapons
 g - a +6 morningstar of flaming (weapon)
 p - a +0 blowgun
Missiles
 c - 8 javelins of penetration (quivered)
 k - 18 javelins
 q - 87 poisoned needles
 O - 6 curare-tipped needles
Armour
 e - +4 fire dragon scales (worn)
 f - a +2 helmet of see invisible (worn)
 u - a +1 pair of gloves (worn)
 D - a +1 pair of boots (worn)
 Q - the +0 cloak of Darkness (worn) {+Fly rC+ rN++ Str-2}
   (You acquired it on level 1 of the Spider Nest)

   It affects your strength (-2).
   It protects you from cold.
   It greatly protects you from negative energy.
   It lets you fly.
 Z - a +1 buckler (worn)
Jewellery
 a - an uncursed amulet of regeneration
 N - a +6 amulet of reflection (around neck)
 R - a +4 ring of evasion (right hand)
 S - a ring of protection from fire (left hand)
Wands
 t - a wand of polymorph (13/24)
 A - a wand of lightning (6/15)
 C - a wand of acid (11/15)
 I - a wand of lightning (5/15)
 U - a wand of disintegration (13/24)
 V - a wand of lightning (4/15)
Scrolls
 i - 6 scrolls of immolation
 s - 4 scrolls of fog
 w - 7 scrolls of remove curse
 x - 3 scrolls of fear
 y - 8 scrolls of teleportation
 z - a scroll of enchant armour
 B - a scroll of amnesia
 E - 7 scrolls of recharging
 H - a scroll of holy word
 J - 2 scrolls of magic mapping
 X - 3 scrolls of summoning
 Y - 2 scrolls of blinking
Potions
 b - a potion of agility
 h - 2 potions of brilliance
 j - 3 potions of mutation
 l - 4 potions of cancellation
 m - a potion of ambrosia
 r - 5 potions of curing
 v - a potion of magic
 P - 2 potions of resistance
 W - 4 potions of haste
Books
 o - a book of Callings

   Spells                             Type                      Level
   a - Summon Small Mammal            Summoning                    1
   b - Call Imp                       Summoning                    2
   c - Call Canine Familiar           Summoning                    3
   d - Summon Guardian Golem          Hexes/Summoning              3
   e - Summon Lightning Spire         Summoning/Air                4
   f - Summon Ice Beast               Ice/Summoning                4
Miscellaneous
 F - a disc of storms
Comestibles
 d - 9 bread rations
 n - 11 meat rations


   Skills:
 - Level 13.1 Fighting
 + Level 14.0 Maces & Flails
 - Level 5.7 Throwing
 - Level 12.3 Armour
 - Level 4.2 Dodging
 - Level 6.7 Stealth
 - Level 5.0 Shields
 - Level 6.0 Spellcasting
 - Level 7.3 Conjurations
 - Level 3.2 Hexes
 + Level 6.2 Summonings
 - Level 7.4 Translocations
 - Level 2.4 Fire Magic
 - Level 1.8 Ice Magic
 - Level 4.4 Air Magic
 - Level 4.4 Poison Magic
 - Level 8.3 Invocations


You had 3 spell levels left.
You knew the following spells:

 Your Spells              Type           Power        Failure   Level  Hunger
a - Magic Dart            Conj           ####         2%          1    None
b - Blink                 Tloc           N/A          4%          2    None
c - Repel Missiles        Chrm/Air       ###...       34%         2    None
d - Mephitic Cloud        Conj/Pois/Air  ####....     21%         3    ##.....
e - Dazzling Spray        Conj/Hex       ####..       21%         3    ##.....
f - Ensorcelled Hibernat  Hex/Ice        ###...       28%         2    None
g - Conjure Flame         Conj/Fire      ####....     24%         3    ##.....
h - Lesser Beckoning      Tloc           #####.....   10%         3    ##.....
i - Portal Projectile     Tloc           #####.       10%         3    ##.....
j - Apportation           Tloc           #####.....   2%          1    None
k - Summon Butterflies    Summ           ####....     4%          1    None


Dungeon Overview and Level Annotations

Branches:
Dungeon (15/15)            Temple (1/1) D:4            Lair (6/6) D:8
 Shoals (0/4) Lair:2       Spider (3/4) Lair:3        Slime (0/5) Lair:5
    Orc (2/2) D:11            Elf (0/3) Orc:2        Vaults (0/5) D:13
 Depths (0/5) D:15

Altars:
Ashenzari
Cheibriados
Dithmenos
Elyvilon
Fedhas
Gozag
Hepliaklqana
Kikubaaqudgha
Makhleb
Nemelex Xobeh
Okawaru
Qazlal
Ru
Sif Muna
Trog
Uskayaw
Xom
Yredelemnul
Zin
The Shining One
Beogh

Shops:
D:10 =   D:12 ?   D:15 =   Orc:1 (   Orc:2 [(*[

Annotations:
D:3 Ijustatesigmund's ghost, amateur GrWz
Spider:2 Donald


Innate Abilities, Weirdness & Mutations

You are resistant to torment.
Your stone body is resilient. (AC +11)
You are immune to poison.
Your large and strong wings let you fly indefinitely.
You resist negative energy. (rN+)
You are resistant to electric shocks. (rElec)
You can survive without breathing.
You are immune to petrification.
You are immune to rotting.


Message History

Confirm with . or Enter, or press ? or * to list all spells.
Aiming: Dazzling Spray
Press: ? - help, Shift-Dir - straight line, f - Donald
Aim: Donald, wielding a demon trident of flaming, wearing a plate armour and wearing a shield (almost dead, fast, unusually strong)
You miscast Dazzling Spray.
Nothing appears to happen.
You block Donald's attack.
Casting: Dazzling Spray
Confirm with . or Enter, or press ? or * to list all spells.
Aiming: Dazzling Spray
Press: ? - help, Shift-Dir - straight line, f/p - Donald
Aim: Donald, wielding a demon trident of flaming, wearing a plate armour and wearing a shield (almost dead, fast, unusually strong) Donald blocks the spray of energy.
Donald hits you but does no damage.
Casting: Dazzling Spray
Confirm with . or Enter, or press ? or * to list all spells.
Aiming: Dazzling Spray
Press: ? - help, Shift-Dir - straight line, f/p - Donald
Aim: Donald, wielding a demon trident of flaming, wearing a plate armour and wearing a shield (almost dead, fast, unusually strong)
You miscast Dazzling Spray.
Nothing appears to happen.
Donald hits you with a demon trident of flaming!!
You die...

#### ##..####### ##...##.##.##
#....>..^.@.## ##........@.^.# ##
#.............## ^#
#..<.^.........# .#
#.........^..^.# ### .#
#..^.......#...## ##.# # .#
#......##..#....# #..# # .#
#......##.......# #..######
.######......##......####..#.##.#


You could see Donald.

Vanquished Creatures
  An orc warlord (D:11)
  A ghost moth (Spider:2)
  Louise (Spider:1)
  2 stone giants (Orc:1)
  Josephine (D:11)
  2 fire dragons (D:15)
  A deep elf high priest (D:13)
  Erolcha (D:10)
  Harold (D:11)
  9 hydras
  A vault guard (D:13)
  3 catoblepae (Lair:6)
  5 centaur warriors
  Erica (D:10)
  13 death yaks (Lair:6)
  A tengu warrior (D:13)
  2 orc high priests (Orc:2)
  The ghost of rme2001 the Nimble, a novice MfGl of Okawaru (D:10)
  Nergalle (Lair:1)
  Sonja (D:10)
  A deep elf knight (D:13)
  The ghost of Philosophy the Quickloader, a novice CeHu of Okawaru (D:8)
  2 wizards (D:13)
  2 unseen horrors
  5 hill giants
  A deep elf mage (D:14)
  2 necromancers (D:13)
  A lindwurm (Volcano)
  2 orc sorcerers
  7 ugly things
  17 wolf spiders
  8 orb spiders
  5 cyclopes
  6 elephants
  3 black mambas
  2 molten gargoyles (Volcano)
  Psyche (D:10)
  Maurice (D:10)
  10 spiny frogs
  2 torpor snails (Spider:2)
  A gargoyle (D:14)
  9 komodo dragons
  7 rime drakes
  2 efreet
  A kobold demonologist (D:13)
  3 demonic crawlers
  2 polar bears
  22 jumping spiders
  5 trolls
  2 hornets (D:13)
  4 two-headed ogres
  11 blink frogs
  4 slime creatures
  A harpy skeleton (D:13)
  8 hippogriffs
  2 shadows
  4 wraiths
  15 tarantellas
  43 redbacks
  2 wyverns
  21 humans
  6 fire bats (Volcano)
  66 yaks
  2 hungry ghosts
  A steam dragon (Volcano)
  A basilisk (D:14)
  4 hogs (D:8)
  2 mottled dragons
  4 wargs
  Edmund (D:4)
  2 hell hounds (Volcano)
  9 porcupines
  15 water moccasins
  A swamp drake (D:11)
  2 hornet zombies
  39 orc warriors
  3 ice beasts
  5 sky beasts
  2 eyes of draining
  A phantom (D:8)
  A black bear (D:12)
  14 ogres
  13 centaurs
  9 wolves
  3 boggarts (D:14)
  15 crocodiles
  2 big kobolds
  10 bullfrogs
  2 gnoll sergeants (D:11)
  6 scorpions
  25 wights
  7 howler monkeys
  2 electric eels (Lair:5)
  6 lava snakes (Volcano)
  A bullfrog zombie (D:5)
  2 centaur zombies
  6 crimson imps
  3 quasits
  5 hounds
  4 jellies
  26 orc priests
  20 orc wizards
  3 iguanas
  9 worker ants
  A hound skeleton (D:4)
  10 adders
  19 gnolls
  2 howler monkey skeletons
  2 shadow imps
  2 worms
  3 dart slugs (D:1)
  6 leopard geckos
  111 orcs
  A giant cockroach (D:2)
  6 goblins
  8 hobgoblins
  9 jackals
  2 quokkas
  2 ball pythons (D:3)
  A ball python skeleton (D:5)
  6 bats
  4 frilled lizards
  16 kobolds
  A leopard gecko skeleton (D:4)
  17 rats
  2 crawling corpses (D:13)
888 creatures vanquished.

Vanquished Creatures (collateral kills)
  A fire dragon (Volcano)
  A spiny frog (Lair:1)
  Prince Ribbit (Lair:1)
  3 blink frogs (Lair:1)
  A boggart (D:14)
7 creatures vanquished.

Vanquished Creatures (others)
  A cyclops (D:13)
  A water moccasin (Lair:5)
  An orc wizard (D:14)
  A kobold (D:13)
  13 fungi
  21 plants
38 creatures vanquished.

Grand Total: 933 creatures vanquished

Notes
Turn   | Place    | Note
-------+----------+-------------------------------------------
     0 | D:1      | Ijustatesigmund the Gargoyle Wizard began the quest for the Orb.
     0 | D:1      | Reached XP level 1. HP: 10/10 MP: 4/4
   236 | D:1      | Reached XP level 2. HP: 15/15 MP: 3/6
   426 | D:1      | Reached skill level 1 in Maces & Flails
   761 | D:1      | Reached XP level 3. HP: 19/19 MP: 4/7
   765 | D:1      | Learned a level 2 spell: Blink
   768 | D:1      | Learned a level 2 spell: Repel Missiles
  1655 | D:2      | Reached skill level 2 in Maces & Flails
  1655 | D:2      | Reached XP level 4. HP: 24/24 MP: 1/8
  1734 | D:3      | Found a glowing drain.
  1801 | Sewer    | Entered a sewer
  1878 | Sewer    | Learned a level 3 spell: Mephitic Cloud
  1933 | Sewer    | Noticed a big kobold
  1962 | Sewer    | Killed a big kobold
  1962 | Sewer    | Reached skill level 1 in Fighting
  1962 | Sewer    | Reached skill level 1 in Translocations
  1962 | Sewer    | Reached XP level 5. HP: 19/30 MP: 2/9
  2098 | Sewer    | Found a glowing silver altar of Zin.
  2532 | D:2      | Found a faded altar of an unknown god.
  3363 | D:3      | Noticed Ijustatesigmund's ghost (amateur GrWz)
  3466 | D:4      | Noticed an ogre
  3487 | D:4      | Killed an ogre
  3487 | D:4      | Reached skill level 1 in Throwing
  3487 | D:4      | Reached skill level 1 in Air Magic
  3487 | D:4      | Reached skill level 1 in Poison Magic
  3487 | D:4      | Reached XP level 6. HP: 35/35 MP: 5/10
  3894 | D:4      | Noticed Edmund
  3915 | D:4      | Killed Edmund
  3915 | D:4      | Reached XP level 7. HP: 40/40 MP: 0/11
  4030 | D:4      | Found a staircase to the Ecumenical Temple.
  4045 | Temple   | Entered the Ecumenical Temple
  4105 | Temple   | Became a worshipper of Makhleb the Destroyer
  4309 | D:4      | Found a hide-covered altar of Uskayaw.
  4310 | D:4      | Found a snail-covered altar of Cheibriados.
  4660 | D:5      | Entered Level 5 of the Dungeon
  4921 | D:5      | Found a sacrificial altar of Ru.
  4997 | D:5      | Reached skill level 1 in Armour
  5694 | D:6      | Reached XP level 8. HP: 38/44 MP: 3/12
  5800 | D:6      | Reached skill level 5 in Armour
  6016 | D:6      | Reached skill level 3 in Maces & Flails
  6201 | D:6      | Found a blossoming altar of Fedhas.
  6409 | D:6      | Found an iron altar of Okawaru.
  6411 | D:6      | Found a bloodstained altar of Trog.
  6549 | D:7      | Got an ichor-stained leather armour
  6572 | D:7      | Identified the +4 leather armour of Wonder {rElec rN+} (You found it on level 7 of the Dungeon)
  6609 | D:7      | Reached * piety under Makhleb
  6824 | D:7      | Reached skill level 4 in Maces & Flails
  7212 | D:7      | Reached XP level 9. HP: 51/51 MP: 3/13
  7839 | D:8      | Noticed Philosophy's ghost (novice CeHu)
  7958 | D:8      | Killed Philosophy's ghost
  7958 | D:8      | Reached skill level 5 in Maces & Flails
  7958 | D:8      | Reached skill level 5 in Conjurations
  8719 | D:8      | Found a staircase to the Lair.
  8776 | D:8      | Reached skill level 5 in Invocations
  8780 | D:8      | Reached ** piety under Makhleb
  8780 | D:8      | Reached XP level 10. HP: 36/56 MP: 2/14
  8892 | D:8      | Noticed an elephant
  8957 | D:8      | Killed an elephant
  9058 | D:8      | Learned a level 3 spell: Dazzling Spray
  9068 | D:8      | Found an opulent altar of Gozag.
  9557 | D:8      | Reached skill level 1 in Hexes
 10420 | D:9      | Found a shattered altar of Ashenzari.
 11230 | D:9      | Reached skill level 5 in Spellcasting
 11350 | D:9      | Found a glowing golden altar of the Shining One.
 11444 | D:10     | Entered Level 10 of the Dungeon
 11455 | D:10     | Noticed Erolcha
 11526 | D:10     | Killed Erolcha
 11526 | D:10     | Reached XP level 11. HP: 60/60 MP: 2/19
 11550 | D:10     | Noticed Sonja
 11713 | D:10     | Noticed Erica
 12023 | D:10     | Noticed Maurice
 12068 | D:10     | Killed Maurice
 12068 | D:10     | Reached *** piety under Makhleb
 12419 | D:10     | Killed Sonja
 12419 | D:10     | Reached skill level 6 in Maces & Flails
 12451 | D:10     | Noticed rme2001's ghost (novice MfGl)
 12491 | D:10     | Noticed a hill giant
 12505 | D:10     | Killed a hill giant
 12685 | D:10     | Found Ytuplekao's Jewellery Emporium.
 12688 | D:10     | Bought a +4 ring of evasion for 396 gold pieces
 12807 | D:10     | Noticed Psyche
 12827 | D:10     | Killed Psyche
 12827 | D:10     | Reached skill level 5 in Fighting
 12914 | D:10     | Killed Erica
 13808 | D:11     | Killed an unseen horror
 13808 | D:11     | Reached skill level 7 in Maces & Flails
 14030 | D:11     | Noticed a hill giant
 14210 | Lair:1   | Entered Level 1 of the Lair of Beasts
 14253 | D:8      | Reached **** piety under Makhleb
 14654 | D:8      | Reached XP level 12. HP: 72/72 MP: 16/21
 14794 | Lair:1   | Noticed Prince Ribbit
 14808 | Lair:1   | Reached skill level 8 in Maces & Flails
 14808 | Lair:1   | Killed Prince Ribbit
 14968 | Lair:1   | Noticed Nergalle
 15003 | Lair:1   | Killed Nergalle
 15651 | Lair:2   | Found a dark tunnel.
 15656 | Volcano  | Entered a volcano
 16129 | Volcano  | Found a bloodstained altar of Trog.
 16239 | Volcano  | Noticed a fire dragon
 16256 | Volcano  | Killed a fire dragon
 16705 | Volcano  | Reached skill level 9 in Maces & Flails
 16825 | Lair:2   | Learned a level 2 spell: Ensorcelled Hibernation
 16923 | Lair:2   | Reached skill level 1 in Ice Magic
 17307 | Lair:2   | Found a staircase to the Shoals.
 18386 | Lair:3   | Reached skill level 5 in Stealth
 18736 | Lair:3   | Reached XP level 13. HP: 30/80 MP: 11/22
 18956 | Lair:3   | Learned a level 3 spell: Conjure Flame
 18996 | Lair:3   | Reached skill level 1 in Fire Magic
 18998 | Lair:3   | Found a hole to the Spider Nest.
 19929 | D:11     | Found a staircase to the Orcish Mines.
 19941 | D:11     | Reached ***** piety under Makhleb
 20164 | D:11     | Reached skill level 10 in Maces & Flails
 20584 | D:12     | Reached skill level 10 in Fighting
 20615 | D:12     | Found a stormy altar of Qazlal.
 21158 | D:12     | Learned a level 3 spell: Lesser Beckoning
 21367 | D:12     | Found Tyge's Magic Scroll Emporium.
 21373 | D:12     | Bought 3 scrolls of blinking for 270 gold pieces
 21373 | D:12     | Bought a scroll of enchant armour for 90 gold pieces
 21373 | D:12     | Bought a scroll of brand weapon for 240 gold pieces
 21683 | Orc:1    | Entered Level 1 of the Orcish Mines
 21683 | Orc:1    | Noticed Josephine
 21683 | Orc:1    | Noticed an orc warlord
 21703 | D:11     | Reached skill level 5 in Translocations
 21954 | Orc:1    | Noticed Harold
 22301 | D:11     | Killed an orc warlord
 22423 | D:11     | Killed Josephine
 22478 | D:11     | Reached ****** piety under Makhleb
 22845 | Orc:1    | Found Nyhiu's Weapon Shop.
 23042 | Orc:2    | Entered Level 2 of the Orcish Mines
 23046 | Orc:1    | Noticed a stone giant
 23060 | Orc:1    | Killed a stone giant
 23264 | Orc:1    | Gained mutation: Your large and strong wings let you fly indefinitely. [Gargoyle growth]
 23264 | Orc:1    | Reached XP level 14. HP: 88/88 MP: 23/23
 23396 | Orc:2    | Found a roughly hewn altar of Beogh.
 23428 | Orc:2    | Found a staircase to the Elven Halls.
 23503 | Orc:2    | Found a roughly hewn altar of Beogh.
 23539 | Orc:2    | Noticed a stone giant
 23559 | Orc:2    | Found a roughly hewn altar of Beogh.
 23867 | Orc:1    | Reached skill level 5 in Throwing
 23896 | Orc:1    | Killed a stone giant
 24098 | Orc:2    | Found a roughly hewn altar of Beogh.
 24110 | Orc:2    | Found a bloodstained altar of Trog.
 24150 | Orc:2    | Found a roughly hewn altar of Beogh.
 24899 | Orc:2    | Found a roughly hewn altar of Beogh.
 24900 | Orc:2    | Found Hawapin's Assorted Antiques.
 24908 | Orc:2    | Bought a scroll of identify for 56 gold pieces
 24964 | Orc:2    | Found a roughly hewn altar of Beogh.
 25034 | Orc:2    | Found a roughly hewn altar of Beogh.
 25038 | Orc:2    | Found Zogon's Antique Armour Shop.
 25058 | Orc:2    | Paralysed by an orc sorcerer for 5 turns
 25193 | Orc:2    | Noticed an orc warlord
 25797 | Orc:2    | Found Nyunij's Antique Armour Emporium.
 25797 | Orc:2    | Found a roughly hewn altar of Beogh.
 25802 | Orc:2    | Found Ynioh's Antique Weapon Shoppe.
 25921 | Orc:2    | Bought a spiked ring mail for 333 gold pieces
 25931 | Orc:2    | Identified the +4 ring mail of Bufidehe {Dex+3} (You bought it in a shop on level 2 of the Orcish Mines)
 26034 | D:11     | Killed Harold
 27287 | D:13     | Reached skill level 10 in Armour
 27427 | D:13     | Learned a level 3 spell: Portal Projectile
 27433 | D:13     | Found a runed door.
 27798 | D:13     | Got a steaming helmet
 27809 | D:13     | Identified the cursed +0 helmet "Poumyf" {rElec} (You found it on level 13 of the Dungeon)
 28182 | D:13     | Found a gate to the Vaults.
 28510 | D:14     | Reached skill level 1 in Shields
 28664 | D:14     | Reached XP level 15. HP: 92/92 MP: 18/24
 28865 | D:14     | Reached skill level 5 in Shields
 29397 | D:14     | Found a shadowy altar of Dithmenos.
 29421 | D:14     | You fall through a shaft!
 29421 | D:15     | Entered Level 15 of the Dungeon
 29530 | D:15     | Found a staircase to the Depths.
 29610 | D:15     | Found Beoxuruc's Jewellery Boutique.
 29886 | D:10     | Killed rme2001's ghost
 31117 | Lair:4   | Reached skill level 11 in Maces & Flails
 32348 | Lair:5   | Found a staircase to the Slime Pits.
 32805 | Lair:6   | Entered Level 6 of the Lair of Beasts
 33085 | Lair:6   | Reached skill level 12 in Maces & Flails
 33211 | Lair:6   | Reached XP level 16. HP: 103/103 MP: 20/25
 33612 | Lair:6   | Learned a level 1 spell: Apportation
 33614 | Lair:6   | Learned a level 1 spell: Summon Butterflies
 33655 | Lair:6   | Reached skill level 1 in Summonings
 33734 | Spider:1 | Entered Level 1 of the Spider Nest
 33886 | Spider:1 | Reached skill level 13 in Maces & Flails
 34144 | Spider:1 | Identified a scroll of acquirement
 34155 | Spider:1 | Got an encrusted cloak
 34161 | Spider:1 | Identified the +0 cloak of Darkness {+Fly rC+ rN++ Str-2} (You acquired it on level 1 of the Spider Nest)
 34263 | Spider:1 | Noticed Louise
 34282 | Spider:1 | Killed Louise
 35121 | Spider:2 | Reached skill level 5 in Summonings
 35624 | Spider:2 | Reached skill level 14 in Maces & Flails
 35834 | Spider:2 | Upgraded the game from 0.19-a0-1899-g2d93087 to 0.19-a0-1907-gcff654f
 35869 | Spider:3 | Noticed Donald
 36187 | Spider:2 | Slain by Donald

Vault maps used:
D:1:      dpeg_arrival_pond
D:2:      first_bread, ecumenical_altar_2
D:3:      vehumet_crystals, portal_sewer_entry_c
D:4:      gammafunk_temple_overflow_statue, uniq_edmund
D:5:      nicolae_ru_awakened_eye
D:6:      grunt_temple_overflow_bloody_war, fedhas_altar_fruit_tree
D:8:      grunt_gozag_statues, david_lair_generic, grunt_livestock
D:9:      cheibrodos_ashenzari_chains, kennysheep_mini
D:10:     serial_shops, shop, columned_hall_lemuel, minmay_misc_feat_square,
          uniq_psyche, uniq_erica, uniq_sonja, uniq_maurice, uniq_erolcha
D:11:     erik_orc_1, hangedman_decor_push
D:12:     basic_altar, serial_shops, shop_fountains
D:13:     grunt_vaults_entry_tiered, minmay_st_funbox
D:14:     hangedman_decor_opposing, grunt_dithmenos_shadows
D:15:     grunt_enter_depths_hoard, serial_bayou_ford_a, serial_shops, shop
Temple:   nicolae_temple_x_marks_the_god
Lair:1:   minivault_24, infiniplex_staircase_pool_2, uniq_prince_ribbit2,
          uniq_nergalle
Lair:2:   elwin_shoals_entry_rocks, serial_forest, infiniplex_forest_clump_tiny,
          infiniplex_forest_end_2, infiniplex_forest_lined_room_2,
          infiniplex_forest_clump_medium, infiniplex_forest_clump_large,
          infiniplex_forest_clump_double, nicolae_volcano_entry_s_turn
Lair:3:   nicolae_spider_entry_tight_spaces, grunt_megastairs_3
Lair:5:   dpeg_slime_entry_corner, serial_bayou_lake_a, serial_bayou_shore_b
Lair:6:   evilmike_catoblepas_cave, minmay_lair_drake_nest
Spider:1: uniq_louise
Spider:2: spider_trap, guppyfry_spider_mini_2
Spider:3: nicolae_arachne_temple, uniq_arachne, uniq_donald
Orc:1:    serial_shops, shop, uniq_harold, uniq_josephine
Orc:2:    grunt_orc_community_town_hall, grunt_orc_community_big_house_2,
          grunt_orc_community_big_house_1, grunt_orc_community_house_2,
          grunt_orc_community_house_1, grunt_orc_community_house_1,
          grunt_orc_community_house_2, grunt_orc_community_house_3, basic_altar,
          nicolae_orc_lost_temple
Sewer:    sewer_kobolds
Volcano:  volcano_lake

Skill      XL: |  1  2  3  4  5  6  7  8  9 10 11 12 13 14 15 16 |
---------------+-------------------------------------------------+-----
Conjurations   | 2 3 4 5 7 |  7.3
Maces & Flails | 1 2 4 5 7 9 10 12 14 | 14.0
Fighting       | 1 2 3 7 8 10 12 13 | 13.1
Translocations | 1 2 3 4 6 7 |  7.4
Throwing       | 1 2 4 5 |  5.7
Air Magic      | 1 2 3 4 |  4.4
Poison Magic   | 1 2 3 4 |  4.4
Armour         | 4 5 7 12 | 12.3
Invocations    | 5 6 8 |  8.3
Hexes          | 3 |  3.2
Spellcasting   | 5 6 |  6.0
Dodging        | 3 4 |  4.2
Ice Magic      | 1 |  1.8
Stealth        | 6 |  6.7
Fire Magic     | 2 |  2.4
Shields        | 3 5 |  5.0
Summonings     | 6 |  6.2

Action                   |  1- 3 |  4- 6 |  7- 9 | 10-12 | 13-15 | 16-18 || total
-------------------------+-------+-------+-------+-------+-------+-------++-------
Melee: Club              |     2 |       |       |       |       |       ||     2
       Whip              |    56 |   108 |       |       |       |       ||   164
       Flail             |       |       |   264 |   140 |       |       ||   404
       Morningstar       |       |       |       |   616 |  1752 |   639 ||  3007
 Fire: Blowgun           |       |    18 |     5 |     9 |       |       ||    32
Throw: Javelin           |       |     5 |       |     5 |    34 |     2 ||    46
       Throwing net      |       |       |       |       |     1 |       ||     1
 Cast: Magic Dart        |    74 |   128 |   251 |   335 |   235 |    22 ||  1045
       Repel Missiles    |     1 |       |       |     2 |     8 |       ||    11
       Blink             |       |     1 |     2 |     7 |    16 |     4 ||    30
       Mephitic Cloud    |       |     1 |     7 |    41 |    70 |    13 ||   132
       Ensorcelled Hiber |       |       |       |    16 |    29 |       ||    45
       Dazzling Spray    |       |       |       |     2 |    51 |     7 ||    60
       Conjure Flame     |       |       |       |       |     9 |       ||     9
Invok: Minor Destruction |       |       |       |     8 |       |       ||     8
       Lesser Servant of |       |       |       |     4 |     2 |       ||     6
       Major Destruction |       |       |       |     1 |       |       ||     1
 Abil: Fly               |       |       |       |       |     1 |       ||     1
       Stop Flying       |       |       |       |       |     1 |       ||     1
Evoke: Wand              |       |       |       |     7 |     2 |       ||     9
  Use: Scroll            |     2 |    10 |     8 |    15 |    22 |     2 ||    59
       Potion            |       |       |     4 |     8 |     5 |     3 ||    20
 Stab: Sleeping          |     1 |       |     1 |    12 |    13 |     1 ||    28
       Invisible         |       |       |     1 |     1 |    10 |     1 ||    13
       Confused          |       |       |     1 |     9 |    26 |     8 ||    44
       Paralysed         |       |       |       |     4 |       |       ||     4
       Distracted        |       |       |       |     1 |       |       ||     1
       Held in net/web   |       |       |       |       |     2 |     1 ||     3
       Petrified         |       |       |       |       |       |     1 ||     1
  Eat: Chunk             |     2 |     4 |    11 |    15 |    26 |     8 ||    66
       Bread ration      |       |     1 |       |       |     2 |       ||     3
       Royal jelly       |       |       |     2 |       |       |       ||     2
       Beef jerky        |       |       |       |     7 |     4 |     1 ||    12
       Fruit             |       |       |       |     4 |     3 |       ||     7
       Pizza             |       |       |       |     6 |     4 |     1 ||    11
       Meat ration       |       |       |       |       |     1 |       ||     1
Armor: Robe              |    13 |    27 |     3 |       |       |       ||    43
       Ring mail         |     7 |    49 |    72 |       |    36 |       ||   164
       Leather armour    |       |       |   116 |   372 |   268 |       ||   756
       Skin              |       |       |       |    56 |       |       ||    56
       Fire dragon scale |       |       |       |     6 |   528 |   591 ||  1125
Dodge: Dodged            |    49 |    82 |   150 |   579 |  1064 |   545 ||  2469
       Deflected         |       |       |     2 |    13 |    27 |     2 ||    44
Block: Other             |       |       |    45 |   236 |   364 |       ||   645
       Reflection        |       |       |       |     1 |    24 |     1 ||    26
       Buckler           |       |       |       |       |   325 |   554 ||   879
